 Dungeon Crawl Stone Soup version 0.25.0-37-gb73750e0fb (webtiles) character file.

Game seed: 6024560419987232918

545 Ethylacetat the Cutter (level 7, -5/49 HPs)
             Began as an Octopode Assassin on July 8, 2020.
             Was an Initiate of Dithmenos.
             Slain by an ice beast (11 damage)
             ... on level 5 of the Dungeon.
             The game lasted 00:10:08 (5402 turns).

Ethylacetat the Cutter (Octopode Assassin)          Turns: 5402, Time: 00:10:09

Health: -5/49      AC:  1    Str: 12    XL:     7   Next: 27%
Magic:  7/7        EV: 13    Int: 14    God:    Dithmenos [......]
Gold:   240        SH:  0    Dex: 13    Spells: 6/6 levels left

rFire    + . .     SeeInvis .   a - +2 dagger
rCold    . . .     Gourm    .   (no shield)
rNeg     . . .     Faith    .   (helmet restricted)
rPois    .         Spirit   .   (no amulet)
rElec    .         Reflect  .   w - ring of protection from fire
rCorr    .         Harm     .   (no ring)
MR       .....                  (no ring)
Stlth    ++++......             (no ring)
HPRegen  0.16/turn              (no ring)
MPRegen  0.10/turn              (no ring)
                                (no ring)
                                (no ring)

@: no status effects
A: almost no armour, stealthy swim, amphibious, 8 rings, constrict 8, camouflage
1, gelatinous body 1
a: Renounce Religion


You were on level 5 of the Dungeon.
You worshipped Dithmenos.
Dithmenos was noncommittal.
You were near starving.

You visited 2 branches of the dungeon, and saw 6 of its levels.

You collected 240 gold pieces.

Inventory:

Hand Weapons
 a - a +2 dagger (weapon)
Missiles
 b - 27 poisoned darts (quivered)
 c - 10 curare-tipped darts
Jewellery
 w - a ring of protection from fire (left tentacle)
Wands
 r - a wand of acid (12)
Scrolls
 g - 3 scrolls of remove curse {unknown}
 h - a scroll of fear {unknown}
 i - 6 scrolls of identify {unknown}
 l - 3 scrolls of enchant armour {unknown}
 m - 3 scrolls of teleportation {unknown}
 p - a scroll of immolation {unknown}
 t - a scroll of blinking {unknown}
 u - a scroll of amnesia {unknown}
 v - a scroll of magic mapping {unknown}
Potions
 e - a potion of ambrosia {unknown}
 f - a potion of mutation {unknown}
 j - 2 potions of curing {unknown}
 k - 3 potions of lignification {unknown}
 n - 2 potions of degeneration {unknown}
 o - 3 potions of heal wounds {unknown}
 q - a potion of brilliance {unknown}
 s - 2 potions of stabbing {unknown}
Comestibles
 d - 6 rations


   Skills:
 + Level 4.6 Fighting
 * Level 6.4 Short Blades
 - Level 2.0 Throwing
 - Level 1.0 Dodging
 - Level 5.3 Stealth


You had 6 spell levels left.
You didn't know any spells.
Your spell library was empty.

Dungeon Overview and Level Annotations

Branches:
Dungeon (5/15)             Temple (1/1) D:4

Altars:
Ashenzari
Dithmenos
Elyvilon
Fedhas
Kikubaaqudgha
Okawaru
Sif Muna
Trog
Vehumet
Wu Jian

Annotations:
D:4 2 runed translucent doors, kalagan's ghost, amateur GrFi


Innate Abilities, Weirdness & Mutations

You cannot wear most types of armour.
You are very stealthy in the water. (Stealth+)
You are amphibious.
You can wear up to eight rings at the same time.
You can use your tentacles to constrict eight enemies at once.
Your skin changes colour to match your surroundings (Stealth+).
Your rubbery body absorbs attacks. (AC +1, EV +1)


Message History

You are too injured to fight recklessly!
You are too injured to fight recklessly!
You are too injured to fight recklessly!
You hit the ice beast but do no damage.
The ice beast is severely wounded.
You hit the ice beast but do no damage.
The ice beast is severely wounded.
The ice beast closely misses you.
You barely miss the ice beast.
The ice beast is severely wounded.
The ice beast hits you. The ice beast freezes you!
* * * LOW HITPOINT WARNING * * *
You closely miss the ice beast. You squeeze the ice beast.
The ice beast is severely wounded.
You hit the ice beast.
The ice beast is severely wounded.
The ice beast hits you.
* * * LOW HITPOINT WARNING * * *
The ice beast freezes you!
You die...

##.#.##############
...##..#..............#
...........##########.#
..##......# #.#
#...._..### ####.#
#.........# #....#
.###.......#.# #.####
........####.### #.#
......Y@.......# #.#
.......#####.#.# #.#
....... ###.#.# #)#
..).... #...#.# #)#
.#.#... #...#.# #.# #
.... #...#.# #)# .....
##....# #.# ..#...
#..<.# #)#
#.#..)#####[#


You could see an ice beast.

Vanquished Creatures
  3 hounds (D:4)
  4 orc priests
  2 orc wizards
  2 worker ants (D:4)
  3 gnolls
  8 adders
  An adder skeleton (D:4)
  7 dart slugs
  3 leopard geckos
  16 orcs
  10 bats
  5 giant cockroaches
  4 goblins
  8 hobgoblins
  9 jackals
  2 quokkas
  A ball python (D:1)
  6 frilled lizards
  4 kobolds
  A quokka skeleton (D:4)
  8 rats
107 creatures vanquished.

Notes
Turn   | Place    | Note
-------+----------+-------------------------------------------
     0 | D:1      | Ethylacetat the Octopode Assassin began the quest for the
                  | Orb.
     0 | D:1      | Reached XP level 1. HP: 14/14 MP: 1/1
   210 | D:1      | Reached XP level 2. HP: 19/19 MP: 2/2
   434 | D:1      | Reached skill level 3 in Short Blades
   476 | D:1      | Reached XP level 3. HP: 25/25 MP: 3/3
   898 | D:2      | Found a shattered altar of Ashenzari.
  1100 | D:2      | Reached XP level 4. HP: 27/30 MP: 4/4
  1788 | D:3      | Reached skill level 4 in Short Blades
  2218 | D:3      | Reached XP level 5. HP: 27/36 MP: 5/5
  2835 | D:3      | Found a faded altar of an unknown god.
  3144 | D:4      | Reached skill level 5 in Short Blades
  3166 | D:4      | Found a staircase to the Ecumenical Temple.
  3167 | D:4      | Reached XP level 6. HP: 43/43 MP: 6/6
  3189 | Temple   | Entered the Ecumenical Temple
  3256 | Temple   | Became a worshipper of Dithmenos the Shadowed
  3324 | D:4      | Found a runed translucent door.
  3325 | D:4      | Noticed kalagan's ghost (amateur GrFi)
  3349 | D:4      | Found a runed translucent door.
  3785 | D:4      | Found a blossoming altar of Fedhas.
  4176 | D:4      | Reached skill level 6 in Short Blades
  4176 | D:4      | Reached XP level 7. HP: 37/49 MP: 7/7
  4851 | D:5      | Entered Level 5 of the Dungeon
  4948 | D:5      | Found a blossoming altar of Fedhas.
  5046 | D:5      | HP: 2/49 [ice beast (11)]
  5402 | D:5      | Slain by an ice beast

Illustrated notes

Levels and vault maps discovered:
D:1:      roderic_chinese_lattice_arrival, layout_loops_ring,
          serial_park_tiny_pond, minmay_heptomino_h4
D:2:      layout_loops_ring, nicolae_ashenzari_panopticon
D:3:      layout_loops_corners, chequers_ecumenical_altar_simple_redux
D:4:      kb_forest_paths, layout_loops_ring, first_ration,
          ebering_ghost_sewer_f, fedhas_altar_1
D:5:      layout_loops_ring, basic_altar, serial_park_tiny_1,
          uniq_prince_ribbit1
Temple:   dpeg_five_rooms_temple

Skill      XL: |  1  2  3  4  5  6 |
---------------+-------------------+-----
Short Blades   | 3 4 5 6 |  6.4
Fighting       | 3 4 |  4.6
Throwing       | |  2.0
Dodging        | |  1.0
Stealth        | |  5.3

Action                   |  1- 3 |  4- 6 |  7- 9 || total
-------------------------+-------+-------+-------++-------
Melee: Dagger            |    60 |   122 |    77 ||   259
       Constrict         |    11 |    33 |    11 ||    55
       Tentacles         |     6 |    26 |    13 ||    45
 Stab: Sleeping          |    19 |    17 |     4 ||    40
       Distracted        |       |       |     1 ||     1
  Eat: Chunk             |     1 |     9 |     2 ||    12
Armor: Skin              |     8 |     5 |     2 ||    15
Dodge: Dodged            |    23 |    53 |    37 ||   113
